 Dungeon Crawl Stone Soup version 0.31-a0-188-g5e087ee2ca (webtiles) character file.

Game seed: 12411777160929326529

102 qw the Shooter (level 4, -2/25 HPs)
             Began as a Deep Elf Hunter on June 23, 2023.
             Slain by a gnoll
             ... wielding a +0 club
              (4 damage)
             ... on level 3 of the Dungeon.
             The game lasted 00:00:38 (1110 turns).

qw the Shooter (Deep Elf Hunter)                    Turns: 1110, Time: 00:00:38

Health: -2/25      AC:  5    Str: 10    XL:     4   Next: 49%
Magic:  6/6        EV: 11    Int: 14    God:
Gold:   58         SH:  0    Dex: 18    Spells: 3/3 levels left

rFire   . . .        Y - +0 shortbow
rCold   . . .        (shield currently unavailable)
rNeg    . . .        f - +0 ring mail
rPois   .            (no helmet)
rElec   .            (no cloak)
rCorr   .            (no gloves)
SInv    .            (no boots)
Will    .....        (no amulet)
Stlth   +            (no ring)
HPRegen 0.24/turn    (no ring)
MPRegen 0.10/turn

%: no passive effects
@: no status effects
A: no striking features
a: no special abilities


You were on level 3 of the Dungeon.
You visited 1 branch of the dungeon, and saw 3 of its levels.

You collected 58 gold pieces.


   Skills:
 - Level 1.5 Fighting
 + Level 7.9 Ranged Weapons
 - Level 2.4 Dodging
 - Level 1.2 Stealth


You had 3 spell levels left.
You didn't know any spells.
Your spell library was empty.

Inventory:

Hand Weapons
 Y - a +0 shortbow (weapon)
Armour
 f - a +0 ring mail (worn)
Jewellery
 e - a ring of ice
Scrolls
 d - a scroll of identify
Potions
 b - a potion of berserk rage {unknown}
 h - a potion of curing {unknown}

Dungeon Overview and Level Annotations

Branches:
Dungeon (3/15)

Altars:


Message History

The gnoll hits you from afar with a +0 spear.
You shoot an arrow. The arrow hits the gnoll.
The gnoll is heavily wounded.
The gnoll hits you with a +0 whip.
The gnoll hits you from afar with a +0 spear.
You shoot an arrow. The arrow barely misses the gnoll.
The arrow hits the gnoll but does no damage.
The gnoll is severely wounded.
A goblin comes into view. It is wielding a +0 club.
The gnoll barely misses you. x2
The gnoll hits you from afar with a +0 spear.
1103 ||| DRINKING potion of heal wounds.
You feel much better. The gnoll hits you but does no damage.
The gnoll hits you with a +0 flail! The gnoll barely misses you.
You shoot an arrow. The arrow barely misses the gnoll.
The gnoll hits you with a +0 flail. The gnoll barely misses you.
The gnoll hits you from afar with a +0 spear.
You shoot an arrow. The arrow hits the gnoll!
You kill the gnoll!
The gnoll barely misses you. x2
You shoot an arrow. The arrow hits the gnoll!
The gnoll is severely wounded.
The gnoll hits you with a +0 flail! The gnoll closely misses you.
You shoot an arrow. The arrow hits the gnoll!
You kill the gnoll!
The gnoll barely misses you.
You shoot an arrow. The arrow hits the gnoll.
The gnoll is lightly wounded.
The gnoll hits you with a +0 club. The gnoll closely misses you.
You shoot an arrow.
The arrow hits the gnoll but does no damage.
The gnoll is lightly wounded.
The gnoll misses you.
You shoot an arrow. The arrow hits the gnoll.
The gnoll is heavily wounded.
The kobold misses you. The gnoll closely misses you.
The gnoll hits you from afar with a +0 spear.
The gnoll closely misses you. The gnoll hits you with a +0 club.
You die...

###############
#.............#
#....##.P####.# #
#......P....#.# ..
#....#.....PP.# ...
###....P...(.P..# ....
.......P........# ...[.
......%.P.....#.##......
....##.#.....P#.@Kg.....
....+..##...#.#.g#g.....
....#............# #....
........)........# ...
...........#...... .
.....####.......##
.....#..........#
.....#.##.......# ####.#
#.......#


You could see 2 gnolls, a goblin and a kobold.

Vanquished Creatures
  3 adders
  2 gnolls (D:3)
  A worm (D:2)
  4 dart slugs
  5 endoplasms
  4 giant cockroaches
  6 goblins
  3 kobolds
  6 ball pythons
  4 bats
  4 frilled lizards
  4 rats
46 creatures vanquished.

Notes
Turn   | Place    | Note
-------+----------+-------------------------------------------
     0 | D:1      | qw the Deep Elf Hunter began the quest for the Orb.
     0 | D:1      | Reached XP level 1. HP: 12/12 MP: 3/3
     0 | D:1      | 0 ||| qw: Version: 0.3-a-9-g12657ce
     0 | D:1      | 0 ||| qw: Game counter: 4176
     0 | D:1      | 0 ||| qw: Always use a shield: true
     0 | D:1      | 0 ||| qw: God list: Okawaru
     0 | D:1      | 0 ||| qw: Allow faded altars: false
     0 | D:1      | 0 ||| qw: Do Orc after D:15 true
     0 | D:1      | 0 ||| qw: Do second Lair branch before Depths: true
     0 | D:1      | 0 ||| qw: Lair rune preference: random
     0 | D:1      | 0 ||| qw: Plans: Normal
     0 | D:1      | 0 ||| PLANNING D:1-11
    83 | D:1      | Reached XP level 2. HP: 16/16 MP: 4/4
    84 | D:1      | Reached skill level 6 in Ranged Weapons
   369 | D:1      | 369 ||| UPGRADING to +0 ring mail.
   379 | D:1      | 379 ||| DROPPING +0 leather armour.
   380 | D:1      | 380 ||| READING scroll labelled XEESAXYCUI.
   381 | D:1      | 381 ||| READING scroll labelled DOETAH SEWEG.
   382 | D:1      | 382 ||| DROPPING scroll of butterflies.
   433 | D:2      | Reached XP level 3. HP: 17/20 MP: 5/5
   543 | D:2      | Reached skill level 7 in Ranged Weapons
   834 | D:2      | Reached XP level 4. HP: 25/25 MP: 6/6
   899 | D:2      | 899 ||| READING scroll labelled WERUXU HAEPSE.
   900 | D:2      | 900 ||| READING scroll labelled JULARGHEPTUWN.
   901 | D:2      | 901 ||| READING scroll labelled JIRPHE EXZANT.
   905 | D:2      | 905 ||| READING scroll labelled MIQIRI CUGE.
   906 | D:2      | 906 ||| DRINKING 2 pink potions.
   908 | D:2      | 908 ||| Stepping ~*~*~tactically~*~*~ (cloud).
   915 | D:2      | HP: 6/25 [poisoned by you (poison gas)]
  1045 | D:3      | Found a faded altar of an unknown god.
  1102 | D:3      | HP: 5/25 [gnoll/+0 spear (5)]
  1103 | D:3      | 1103 ||| DRINKING potion of heal wounds.
  1108 | D:3      | HP: 5/25 [gnoll/+0 club (3)]
  1110 | D:3      | HP: 2/25 [gnoll/+0 spear (4)]
  1110 | D:3      | Slain by a gnoll

Levels and vault maps discovered:
D:1:      giann_bridges, layout_basic
D:2:      layout_basic
D:3:      cheibrodos_old_hovel, layout_basic, mainiacjoe_overflow_brackets,
          shapermc_ecumenical_altar_starsandcircs, dilly_guarded_unrand_morg,
          uniq_robin, uniq_natasha

Skill      XL: |  1  2  3 |
---------------+----------+-----
Ranged Weapons | 6 7 |  7.9
Fighting       | |  1.5
Dodging        | |  2.4
Stealth        | |  1.2

Action                     |  1- 3 |  4- 6 || total
---------------------------+-------+-------++-------
   Fire: Shortbow          |    98 |    26 ||   124
    Use: Scroll            |     2 |     4 ||     6
         Potion            |       |     2 ||     2
 Armour: Ring mail         |     2 |     3 ||     5
         Leather armour    |     1 |       ||     1
  Dodge: Dodged            |    11 |    20 ||    31

Table legend:
 A = Non-vault XP
 B = Vault XP
 C = Vault XP percentage of total XP
 D = Non-vault monster count
 E = Vault monster count
 F = Vault count percentage of total count
                 A         B        C        D         E       F
            +---------+---------+-------+---------+---------+-------
      Total |     144 |       2 |   1.4 |      45 |       1 |   2.2
            +---------+---------+-------+---------+---------+-------
        D:1 |      38 |       0 |   0.0 |      21 |       0 |   0.0
        D:2 |      60 |       0 |   0.0 |      18 |       0 |   0.0
        D:3 |      46 |       2 |   4.2 |       6 |       1 |  14.3
            +---------+---------+-------+---------+---------+-------
